Map: Thunderbird LE

Players

Mez - Winner!

  • Race: Terran Terran
  • League: Master
  • Spawn Location: 5:00

IIIIIIIIIIII

  • Race: Zerg Zerg
  • League: Diamond
  • Spawn Location: 11:00

VOD

Have the link to the VOD?

Description

Time

  • Played on: Aug. 1, 2019, 4:30 a.m.
  • Length: 13:06
Show
View Real Time Build Order
Export as new Build Order

Mez Terran - Winner!

Build Orders: Reaper Expand 

Get SALT Encoding   

  12  0:03  SCV  
  13  0:16  SCV  
  13  0:19  Supply Depot  
  14  0:28  SCV  
  15  0:41  SCV  
  15  0:42  Barracks  
  16  0:46  Refinery  
  16  0:53  SCV  
  17  1:05  SCV  
  18  1:17  SCV  
  19  1:30  Reaper, Orbital Command  
  20  1:43  Command Center  
  20  1:52  Barracks  
  20  1:56  SCV  
  21  2:02  Barracks Reactor  
  21  2:12  Barracks  
  21  2:16  SCV  
  21  2:18  Supply Depot  
  22  2:28  SCV  
  23  2:42  SCV  
  24  2:49  Marine x2  
  24  2:50  Barracks Tech Lab  
  26  2:54  SCV  
  26  2:58  Orbital Command  
  27  3:01  Marine  
  28  3:08  Marine x3  
  28  3:12  Combat Shield  
  31  3:19  Marine  
  32  3:23  SCV  
  32  3:26  Marine x2  
  35  3:29  SCV  
  36  3:35  SCV  
  36  3:37  Marine, Supply Depot  
  36  3:38  Marine  
  36  3:41  Engineering Bay, SCV  
  40  3:44  Marine  
  40  3:46  Marine  
  40  3:47  SCV  
  43  3:53  SCV  
  43  3:55  Marine  
  45  3:56  Marine  
  45  4:00  SCV  
  45  4:02  Marine  
  48  4:04  Marine  
  48  4:05  SCV  
  50  4:11  Terran Infantry Weapons Level 1  
  50  4:12  SCV, Supply Depot  
  50  4:13  Marine  
  52  4:17  SCV  
  52  4:24  SCV  
  54  4:31  Stimpack  
  54  4:33  SCV, Marine x4  
  54  4:36  SCV  
  57  4:45  SCV  
  57  4:48  SCV  
  57  4:51  Marine x2  
  51  4:58  SCV, Marine x2  
  54  5:00  SCV  
  55  5:07  Supply Depot  
  55  5:08  Command Center  
  55  5:09  Marine  
  55  5:10  SCV  
  55  5:11  Factory, Refinery  
  55  5:12  Refinery  
  57  5:15  SCV  
  57  5:16  Barracks  
  57  5:17  Barracks  
  58  5:22  SCV, Marine x3  
  61  5:28  Marine  
  61  5:31  Supply Depot  
  62  5:40  SCV x2, Marine, Supply Depot  
  62  5:42  Marine  
  66  5:44  Barracks Reactor  
  66  5:49  Marine  
  66  5:52  SCV x2  
  69  5:57  Marine  
  69  6:00  Marine  
  69  6:04  SCV x2  
  74  6:05  Barracks Reactor, Starport, Factory Reactor  
  74  6:08  Barracks Reactor, Supply Depot  
  74  6:09  Marine  
  74  6:15  Marine, Supply Depot  
  74  6:16  SCV x2  
  74  6:18  Marine  
  77  6:21  Orbital Command  
  77  6:24  Marine x2  
  80  6:26  Marine  
  80  6:28  SCV x2  
  80  6:30  Terran Infantry Armor Level 1  
  83  6:33  Marine  
  83  6:36  Marine  
  84  6:40  SCV x2  
  84  6:41  Marine  
  84  6:42  Marine, Supply Depot  
  88  6:47  Marine x4  
  88  6:48  Marine  
  88  6:50  Medivac x2  
  88  6:51  Marine  
  88  6:52  SCV x2  
  88  6:53  Factory Reactor  
  88  6:54  Marine  
  101  6:59  Armory  
  101  7:00  Engineering Bay, SCV  
  102  7:01  Refinery  
  102  7:02  Marine x2  
  102  7:04  SCV x2  
  102  7:05  Marine x2  
  102  7:06  Supply Depot  
  108  7:11  Marine  
  108  7:12  SCV, Marine x4  
  114  7:16  SCV x2  
  114  7:20  Marine  
  117  7:22  Marine  
  117  7:23  Marine x2, Medivac x2  
  117  7:26  SCV  
  117  7:28  SCV  
  126  7:32  Marine x4, Supply Depot  
  126  7:35  Widow Mine  
  132  7:44  Marine  
  132  7:45  Command Center  
  132  7:50  Widow Mine  
  104  7:59  Marine x8  
  104  8:01  Marine  
  113  8:07  Medivac x2  
  117  8:17  Marine x4, Supply Depot  
  117  8:19  Widow Mine x2, Barracks  
  125  8:20  Barracks  
  125  8:21  Barracks  
  125  8:24  Factory, Terran Infantry Weapons Level 2  
  125  8:27  SCV x3  
  125  8:29  Refinery  
  125  8:31  Refinery  
  128  8:44  Marine  
  128  8:45  Marine x8  
  128  8:47  Widow Mine x2, Terran Infantry Armor Level 2  
  140  8:56  SCV x3  
  140  9:02  Marine x2  
  143  9:03  Marine x2  
  143  9:04  Marine  
  143  9:07  Barracks Tech Lab  
  143  9:08  SCV, Barracks Tech Lab  
  143  9:09  Barracks Reactor  
  149  9:13  Marine x4  
  153  9:20  Marine x3  
  153  9:21  Marine  
  153  9:22  Marine  
  158  9:26  Marine  
  158  9:27  Marine  
  158  9:30  Widow Mine x2, Factory Tech Lab  
  164  9:34  Marine x3  
  164  9:35  Marine  
  164  9:38  Marine  
  160  9:42  Planetary Fortress  
  160  9:43  SCV x3  
  153  9:55  SCV x2  
  153  9:56  Marine, Marauder  
  153  9:57  Marine x2, Marauder x2  
  153  9:59  Marine x2  
  164  10:00  Missile Turret  
  164  10:01  Missile Turret  
  164  10:02  Missile Turret  
  164  10:05  Missile Turret, Marine x2  
  164  10:07  Missile Turret  
  164  10:08  Missile Turret, Supply Depot  
  164  10:09  Supply Depot x2  
  164  10:11  Widow Mine x3, Marine, Drilling Claws  
  171  10:16  Missile Turret  
  171  10:18  Marauder  
  173  10:28  Marine x4, Marauder x2  
  177  10:29  Marine x5  
  177  10:34  Marine  
  176  10:39  Marauder  
  178  10:49  Marauder  
  173  10:55  Marine x11  
  155  10:57  Widow Mine x3  
  155  11:00  Medivac x2  
  165  11:10  Marine  
  147  11:15  Marine x4  
  147  11:19  Widow Mine x2  
  147  11:22  Marine x8  
  148  11:30  Medivac x2  
  150  11:39  Marauder  
  154  11:40  Widow Mine, Marauder  
  156  11:49  Marine  
  156  11:50  Marine x10  
  156  11:52  Widow Mine x2  
  171  11:59  Marine  
  171  12:00  Medivac  
  174  12:02  Marauder  
  174  12:05  Command Center  
  174  12:07  Marine  
  174  12:08  Marine x4, Marauder  
  178  12:18  Marauder  
  163  12:23  Marauder  
  163  12:25  Marine x3  
  163  12:26  Marine x7  
  163  12:29  Marine  
  158  12:39  Marine  
  158  12:43  Marine x8  
  158  12:44  Marine x3  
  164  12:47  Marine  
  173  13:06  Command Center  
Show
View Real Time Build Order
Export as new Build Order

IIIIIIIIIIII Zerg 

Build Orders: Hatch First, Muta Ling Bane 

Get SALT Encoding   

  12  0:01  Drone  
  13  0:12  Overlord  
  13  0:16  Drone  
  14  0:30  Drone x2  
  14  0:33  Drone  
  17  0:52  Hatchery  
  17  0:55  Drone  
  17  0:59  Drone  
  18  1:10  Extractor  
  17  1:14  Spawning Pool  
  17  1:18  Drone  
  17  1:20  Drone  
  18  1:27  Drone  
  19  1:38  Overlord  
  19  1:48  Drone  
  21  2:01  Zergling x2  
  21  2:04  Zergling x2, Queen x2  
  26  2:10  Drone  
  26  2:12  Metabolic Boost  
  26  2:15  Drone  
  28  2:21  Drone  
  29  2:27  Drone  
  30  2:37  Hatchery  
  30  2:40  Drone  
  30  2:46  Queen  
  30  2:49  Drone  
  32  2:53  Overlord  
  32  2:55  Drone  
  32  2:58  Drone  
  34  3:01  Drone  
  35  3:14  Drone x4  
  35  3:15  Drone  
  40  3:22  Drone x2  
  40  3:24  Queen  
  43  3:29  Overlord  
  43  3:34  Overlord  
  43  3:48  Queen  
  43  3:50  Queen  
  43  3:52  Zergling x2  
  43  3:53  Zergling x12  
  54  3:56  Zergling x6  
  54  3:58  Zergling x2  
  58  4:05  Baneling Nest  
  58  4:06  Queen  
  58  4:09  Overlord  
  59  4:13  Overlord  
  59  4:15  Drone  
  59  4:16  Drone  
  61  4:22  Drone x3  
  61  4:23  Drone  
  65  4:31  Queen  
  65  4:36  Drone x4  
  71  4:38  Overlord  
  65  4:56  Lair, Drone  
  65  4:57  Drone x3  
  65  4:58  Drone x3  
  70  5:09  Drone x2, Extractor x2  
  70  5:11  Drone  
  70  5:12  Drone x2  
  70  5:13  Drone x3  
  76  5:15  Drone  
  76  5:16  Drone  
  77  5:31  Extractor  
  77  5:32  Drone x3  
  77  5:33  Drone x3  
  77  5:35  Overlord x2  
  82  5:40  Spore Crawler  
  82  5:41  Spore Crawler x2  
  79  5:48  Drone x2  
  79  5:49  Evolution Chamber x2  
  79  5:53  Overlord x3, Centrifical Hooks  
  79  5:56  Drone  
  79  5:57  Drone  
  81  6:14  Drone x2  
  81  6:15  Drone  
  84  6:22  Hatchery  
  83  6:28  Spore Crawler  
  83  6:29  Zerg Ground Armor Level 1, Zerg Melee Weapons Level 1  
  83  6:31  Zergling x20  
  83  6:32  Zergling x8  
  96  6:41  Zergling x6  
  96  6:43  Baneling  
  96  6:44  Baneling x11  
  99  6:50  Overlord x3  
  99  6:51  Overseer  
  99  6:52  Overseer  
  99  6:55  Baneling x5  
  99  7:02  Zergling x16  
  107  7:18  Zergling x2  
  107  7:19  Zergling x10  
  113  7:23  Spire  
  113  7:24  Drone x2  
  113  7:25  Spore Crawler  
  113  7:26  Drone x2, Extractor  
  113  7:27  Extractor  
  113  7:32  Drone x3  
  113  7:36  Queen  
  116  7:42  Zergling x2  
  116  7:43  Zergling x16  
  112  7:55  Zergling x10  
  112  7:56  Zergling x6  
  112  7:58  Zergling x2  
  100  7:59  Queen  
  100  8:02  Baneling  
  100  8:03  Baneling x8  
  102  8:08  Baneling x3  
  102  8:09  Baneling x7  
  102  8:17  Zergling x18  
  111  8:20  Baneling  
  111  8:21  Baneling x9  
  111  8:24  Zerg Melee Weapons Level 2  
  111  8:27  Drone x3  
  114  8:38  Zerg Flyer Armor Level 1  
  114  8:40  Zergling x2  
  114  8:41  Zergling x14  
  120  8:50  Zerg Ground Armor Level 2  
  120  8:52  Drone  
  120  8:53  Drone x6  
  127  8:59  Spore Crawler  
  126  9:15  Mutalisk x4  
  134  9:22  Hatchery  
  134  9:23  Hatchery  
  131  9:40  Mutalisk  
  131  9:41  Mutalisk  
  131  9:42  Overlord x2  
  131  9:43  Overlord x6  
  126  9:53  Infestation Pit  
  126  9:59  Mutalisk  
  125  10:00  Mutalisk x3  
  125  10:01  Zergling x2  
  125  10:02  Zergling x28  
  125  10:03  Zergling x2  
  149  10:22  Drone x5  
  142  10:37  Mutalisk  
  142  10:38  Mutalisk x5  
  154  10:45  Hatchery  
  142  10:56  Zergling x2  
  114  10:57  Zergling x30  
  116  11:12  Zergling x8  
  116  11:23  Baneling  
  116  11:24  Baneling x20  
  115  11:26  Hive  
  115  11:29  Extractor  
  115  11:30  Extractor  
  109  11:48  Drone x4, Spore Crawler  
  109  11:49  Drone x5, Hatchery  
  109  11:50  Drone  
  111  12:00  Zergling x2  
  111  12:01  Zergling x28  
  125  12:02  Spore Crawler  
  125  12:03  Baneling x9  
  125  12:10  Extractor  
  125  12:11  Extractor  
  114  12:16  Zergling x2  
  114  12:17  Zergling x26  
  102  12:32  Zergling x6  
  102  12:33  Zergling x14  
  97  12:47  Zergling x12  
  97  12:48  Zergling x8  
Tags
 
Add a new tag
Caveats
  • Supply blocks, unpowered buildings, or Contaminate may cause inaccurate times.
  • Supply counts are checked every 10 seconds.